 Dungeon Crawl Stone Soup version 0.28.0-53-g5a82cb258f (webtiles) character file.

Game seed: 6957466877566903668

680 Mattiprrivan the Sneak (level 7, -4/45 HPs)
             Began as an Octopode Brigand on July 16, 2022.
             Was a Believer of Cheibriados.
             Slain by a phantom (5 damage)
             ... on level 5 of the Dungeon.
             The game lasted 00:14:39 (3200 turns).

Mattiprrivan the Sneak (Octopode Brigand)           Turns: 3200, Time: 00:14:41

Health: -4/45      AC:  3    Str: 15    XL:     7   Next: 60%
Magic:  8/8        EV: 14    Int: 26    God:    Cheibriados [**....]
Gold:   277        SH:  0    Dex: 21    Spells: 6/6 levels left

rFire   + . .      SeeInvis .   h - +1 dagger (venom)
rCold   . . .      Faith    .   (no shield)
rNeg    . . .      Spirit   .   (helmet restricted)
rPois   .          Reflect  .   g - amulet of regeneration
rElec   .          Harm     .   f - ring of protection from fire
rCorr   .          Rampage  .   i - +6 ring of intelligence
Will    .....                   (no ring)
Stlth   +++++.....              (no ring)
HPRegen 0.95/turn               (no ring)
MPRegen 0.11/turn               (no ring)
                                (no ring)
                                (no ring)

@: brilliant, very slow
A: almost no armour, amphibious, 8 rings, camouflage 1, gelatinous body 1,
(nimble swimmer 1), tentacles, iridescent scales 1, clever 1
a: Renounce Religion, Bend Time


You were on level 5 of the Dungeon.
You worshipped Cheibriados.
Cheibriados was pleased with you.
You visited 1 branch of the dungeon, and saw 5 of its levels.

You collected 277 gold pieces.

Inventory:

Hand Weapons
 h - a +1 dagger of venom (weapon)
Missiles
 b - 12 poisoned darts (quivered)
 c - 2 curare-tipped darts
 e - 7 boomerangs
Jewellery
 f - a ring of protection from fire (left tentacle)
 g - an amulet of regeneration (around mantle)
 i - a +6 ring of intelligence (right tentacle)
Wands
 a - a wand of polymorph (6)
Potions
 k - 2 potions of resistance


   Skills:
 * Level 2.9 Fighting
 * Level 4.0(4.2) Short Blades
 * Level 2.0(3.3) Long Blades
 * Level 2.9 Throwing
 * Level 2.2 Dodging
 * Level 7.8 Stealth
 * Level 2.0 Unarmed Combat
 * Level 1.9 Invocations
 * Level 2.1 Evocations


You had 6 spell levels left.
You didn't know any spells.
Your spell library contained the following spells:

 Spells                   Type           Power      Damage    Failure   Level
 Slow                     Hex            0%         N/A       13%         1
 Confusing Touch          Hex            0%         N/A       36%         3
 Vampiric Draining        Necr           0%         2d6       36%         3


Dungeon Overview and Level Annotations

Branches:
Dungeon (5/15)             Temple (0/1) D:5

Altars:
Cheibriados

Shops:
D:3 =


Innate Abilities, Weirdness & Mutations

You cannot wear most types of armour.
You are amphibious.
You can wear up to eight rings at the same time.
Your skin changes colour to match your surroundings (Stealth+).
Your rubbery body absorbs attacks. (AC +1, EV +1)
((You are camouflaged when in or above water. (Stealth+)))
You have tentacles for arms and can constrict up to eight enemies at once.
You are partially covered in iridescent scales. (AC +2)
Your mind is acute. (Int +2)


Message History

The centaur hits you.
* * * LOW HITPOINT WARNING * * *
The centaur misses you.
You hit the centaur. Your squeeze misses the centaur.
The centaur is lightly wounded.
The centaur hits you.
* * * LOW HITPOINT WARNING * * *
The centaur kicks you but does no damage.
The phantom misses you.
You hit the centaur but do no damage.
The centaur is poisoned.
The centaur is lightly wounded.
The centaur barely misses you. x2; The phantom barely misses you.
The centaur misses you.
The centaur kicks you but does no damage.
You hit the centaur but do no damage.
The centaur looks as sick as possible!
The centaur is lightly wounded.
The centaur hits you but does no damage.
The centaur kicks you.
* * * LOW HITPOINT WARNING * * *
The phantom misses you.
You hit the centaur but do no damage.
The centaur looks as sick as possible!
The centaur is lightly wounded.
The centaur hits you but does no damage.
The centaur barely misses you.
You completely miss the centaur. You squeeze the centaur.
The centaur is moderately wounded.
The phantom closely misses you. The centaur barely misses you.
The centaur kicks you but does no damage.
You hit the centaur but do no damage.
The centaur looks as sick as possible!
You squeeze the centaur.
The centaur is severely wounded.
The centaur closely misses you. x2; The phantom misses you.
You hit the centaur.
The centaur is severely wounded.
The centaur hits you.
* * * LOW HITPOINT WARNING * * *
The centaur kicks you.
* * * LOW HITPOINT WARNING * * *
The phantom hits you.
You die...

***,,,,,,,*,,**,*#,#........##...
*,,,,***##.,.(...#..#..........
***,,,,,,*...#*............###...
*,,,,,,,,.,...##...##......###...
*,,,*,,,,..#.......#*#.....#.....
**,,*,,,,....#.....# #...........
*,**,,*,⌠...⌠.....###.....#..##.
****,,*,..........##)..#..##....
**,,*,..<...c@W......#........
*,,,,,..............##........
**,,,,..⌠...........#####.....
**,,,>......####...#*#....###
*,,,,...#...,,,......##...# #
****,,,,....#..,,####..####..#
**,**,,**##.##..,,,**...# #.##
*,,*,,,,,*..,#..,,,*,,.## ###
*,,,,,,,,*,,,,,,,,,,,,,**


You could see a phantom and a centaur (extremely poisoned).

Vanquished Creatures
  Eustachio (D:5)
  An ogre (D:4)
  A phantom (D:5)
  A water moccasin skeleton (D:4)
  An orc priest (D:3)
  2 hounds (D:5)
  Jessica (D:3)
  Ijyb (D:3)
  Terence (D:3)
  An orc wizard (D:3)
  4 adders
  An ufetubus (D:5)
  2 worms
  4 dart slugs
  7 orcs
  6 ball pythons
  7 bats
  6 endoplasms
  6 giant cockroaches
  10 goblins
  8 hobgoblins
  3 jackals (D:2)
  2 quokkas
  3 frilled lizards
  3 kobolds (D:2)
  9 rats
92 creatures vanquished.

Vanquished Creatures (others)
  2 fungi (D:3)
  5 plants (D:3)
7 creatures vanquished.

Grand Total: 99 creatures vanquished

Notes
Turn   | Place    | Note
-------+----------+-------------------------------------------
     0 | D:1      | Mattiprrivan the Octopode Brigand began the quest for the
                  | Orb.
     0 | D:1      | Reached XP level 1. HP: 14/14 MP: 1/1
   262 | D:1      | Reached XP level 2. HP: 19/19 MP: 2/2
   467 | D:1      | Reached skill level 6 in Stealth
   621 | D:1      | Reached XP level 3. HP: 16/24 MP: 3/3
  1484 | D:2      | Reached XP level 4. HP: 29/29 MP: 4/4
  1524 | D:2      | Reached skill level 1 in Long Blades
  1682 | D:3      | Found a faded altar of an unknown god.
  1731 | D:3      | Prayed at the altar of an unknown god.
  1731 | D:3      | Became a worshipper of Cheibriados the Contemplative
  1731 | D:3      | Reached * piety under Cheibriados
  1795 | D:3      | Noticed Terence
  1803 | D:3      | Killed Terence
  1842 | D:3      | Reached skill level 1 in Unarmed Combat
  1850 | D:3      | Reached XP level 5. HP: 20/35 MP: 5/5
  1919 | D:3      | Found Iriw's Jewellery Boutique.
  1940 | D:3      | Reached skill level 7 in Stealth
  2098 | D:3      | Noticed Jessica
  2102 | D:3      | Killed Jessica
  2258 | D:3      | Noticed Ijyb
  2269 | D:3      | Killed Ijyb
  2269 | D:3      | Reached ** piety under Cheibriados
  2270 | D:3      | Reached XP level 6. HP: 41/41 MP: 6/6
  2274 | D:3      | Gained mutation: You are frail. (-10% HP) [potion of
                  | mutation]
  2274 | D:3      | Gained mutation: You are very frail. (-20% HP) [potion of
                  | mutation]
  2541 | D:4      | Reached skill level 1 in Invocations
  2552 | D:4      | Lost mutation: You are very frail. (-20% HP) [potion of
                  | mutation]
  2552 | D:4      | Lost mutation: You are frail. (-10% HP) [potion of
                  | mutation]
  2552 | D:4      | Gained mutation: You are partially covered in iridescent
                  | scales. (AC +2) [potion of mutation]
  2552 | D:4      | Gained mutation: Your mind is acute. (Int +2) [potion of
                  | mutation]
  2718 | D:4      | Reached skill level 1 in Evocations
  2999 | D:5      | Entered Level 5 of the Dungeon
  3039 | D:5      | Reached XP level 7. HP: 11/45 MP: 8/8
  3171 | D:5      | Noticed Eustachio
  3174 | D:5      | Killed Eustachio
  3200 | D:5      | HP: 2/45 [centaur (4)]
  3200 | D:5      | Slain by a phantom

Illustrated notes

Levels and vault maps discovered:
D:1:      kilobyte_arrival_exit_the_forest, layout_basic, minivault_27
D:2:      layout_basic
D:3:      layout_loops_ring, serial_shops, shop_statue,
          shapermc_ecumenical_altar_mp_ritualfount, uniq_terence, uniq_jessica,
          uniq_ijyb
D:4:      cheibrodos_quashed, layout_basic
D:5:      layout_cave_pools, minmay_temple_entry_glassed_door,
          grunt_ministairs_1, uniq_eustachio

Skill      XL: |  1  2  3  4  5  6  7 |
---------------+----------------------+-----
Stealth        | 6 7 |  7.8
Long Blades    | 1 2 |  2.0
Unarmed Combat | 1 2 |  2.0
Short Blades   | 3 4 |  4.0
Invocations    | 1 |  1.9
Evocations     | 1 2 |  2.1
Dodging        | 2 |  2.2
Fighting       | |  2.9
Throwing       | |  2.9

Action                   |  1- 3 |  4- 6 |  7- 9 || total
-------------------------+-------+-------+-------++-------
Melee: Dagger            |    56 |    99 |    17 ||   172
       Constrict         |    10 |    20 |     2 ||    32
       Tentacles         |     5 |    21 |     4 ||    30
       Punch             |       |     5 |       ||     5
Throw: Dart              |    17 |    26 |       ||    43
Evoke: Wand              |       |    25 |       ||    25
  Use: Scroll            |     5 |     7 |     2 ||    14
       Potion            |       |     4 |     1 ||     5
 Stab: Sleeping          |    16 |     8 |     1 ||    25
Armor: Skin              |     2 |     6 |     7 ||    15
Dodge: Dodged            |    30 |    63 |    26 ||   119
